 Dungeon Sprint DCSS version 0.27-a0-1273-gec92ba881d (webtiles) character file.

Game seed: 1336839007616629393

1281 mhtbhm the Grappler (level 8, -3/77 HPs)
             Began as a Ghoul Monk on June 11, 2021.
             Was an Elder of Makhleb.
             Slain by Snorg (8 damage)
             ... in the Dungeon (Sprint III: "The Ten Rune Challenge").
             The game lasted 00:02:45 (1407 turns).

mhtbhm the Grappler (Ghoul Monk)                    Turns: 1407, Time: 00:02:46

Health: -3/77      AC:  3    Str: 17    XL:     8   Next: 54%
Magic:  7/7        EV: 14    Int:  5    God:    Makhleb [****..]
Gold:   16         SH:  0    Dex: 11    Spells: 7/7 levels left

rFire    . . .     SeeInvis .     - Unarmed
rCold    + . .     Faith    +   (no shield)
rNeg     + + +     Spirit   .   a - +0 robe
rPois    ∞         Reflect  .   (no helmet)
rElec    .         Harm     .   d - +0 cloak
rCorr    .         Rampage  .   (no gloves)
Will     .....     NoTele   +   (no boots)
Stlth    ++++......             g - amulet of faith
HPRegen  0.00/turn              (no ring)
MPRegen  0.10/turn              (no ring)

@: hasted, very quick
A: claws 1, cold resistance 1, negative energy resistance 3, inhibited
regeneration, torment resistance 2
a: Renounce Religion, Minor Destruction, Lesser Servant of Makhleb, Major
Destruction


You were in the Dungeon.
You worshipped Makhleb.
Makhleb was greatly pleased with you.
You visited 1 branch You collected 16 gold pieces.

Inventory:

Armour
 a - a +0 robe (worn)
 d - a +0 cloak (worn)
Jewellery
 g - an amulet of faith (around neck)
Wands
 p - a wand of polymorph (3)
Scrolls
 f - a scroll of blinking
 i - a scroll of immolation {unknown}
 j - a scroll of magic mapping {unknown}
 l - a scroll of holy word {unknown}
 m - 2 scrolls of identify
Potions
 e - 2 potions of magic
 h - 3 potions of mutation
 k - a potion of brilliance {unknown}
Miscellaneous
 o - a condenser vane (inert)


   Skills:
 + Level 8.9 Fighting
 + Level 8.1 Dodging
 + Level 9.3 Stealth
 + Level 13.6 Unarmed Combat


You had 7 spell levels left.
You didn't know any spells.
Your spell library contained the following spells:

 Spells                   Type           Power      Damage    Failure   Level
 Confusing Touch          Hex            0%         N/A       85%         3
 Gell's Gravitas          Tloc           0%         N/A       85%         3
 Petrify                  Tmut/Erth      0%         N/A       99%         4
 Metabolic Englaciation   Hex/Ice        0%         N/A       100%        5
 Yara's Violent Unravell  Hex/Tmut       0%         3d3       100%        5


Dungeon Overview and Level Annotations

Branches:
Dungeon (1/1)

Altars:
Cheibriados
Dithmenos
Elyvilon
Fedhas
Gozag
Hepliaklqana
Kikubaaqudgha
Makhleb
Nemelex Xobeh
Okawaru
Qazlal
Ru
Sif Muna
Trog
Uskayaw
Vehumet
Wu Jian
Xom
Yredelemnul
Zin
The Shining One
Beogh
Jiyva
Lugonu

Annotations:
D Snorg


Innate Abilities, Weirdness & Mutations

You thrive by killing the living.
You are immune to poison.
You have sharp fingernails.
Your flesh is cold resistant. (rC+)
You are immune to negative energy. (rN+++)
You do not regenerate when monsters are visible.
You are immune to unholy pain and torment.


Message History

* * * LOW HITPOINT WARNING * * *
There is a fountain of clear blue water here.
Things that are here:
a +0 long sword of holy wrath; an elf corpse
There is an open door to the Ecumenical Temple here.
You hear a shout!
Snorg is no longer berserk.
You feel better.
You feel better.
You claw Snorg!
Snorg is lightly wounded.
You claw Snorg!
Snorg is moderately wounded.
You claw Snorg!
Snorg is moderately wounded.
Snorg bites you!
* * * LOW HITPOINT WARNING * * *
Snorg misses you. Snorg claws you!
* * * LOW HITPOINT WARNING * * *
You scratch Snorg.
Snorg is heavily wounded.
Unknown command.
You feel much better.
You closely miss Snorg.
Snorg is heavily wounded.
Snorg bites you!
* * * LOW HITPOINT WARNING * * *
Snorg claws you but does no damage. Snorg claws you.
* * * LOW HITPOINT WARNING * * *
Unknown command.
Clouds of poison gas condense around you!
The condenser dries out!
Unknown command.
You claw Snorg!
Snorg is heavily wounded.
Snorg is engulfed in poison gas.
Snorg is poisoned.
Snorg misses you. Snorg claws you.
* * * LOW HITPOINT WARNING * * *
Snorg claws you!
You die...

▓▓▓▓▓▓▓▓▓ ▓▓▓ ▓<..#...####
##.#########
▓...#......#####..#___#___#
▓..##.......#..#..#...#__)#
▓##.##.##...#..#..###'#'###
##.##.###@§##'#..#........
▓#.####.##T§###...'.)......
▓.###..##§§####...#...#####
▓#..†..##).###....#.⌠.#__#.
###..##...##.....#...#__#.
##..##....#.T....#'###__#.
#..###..##.#..)..#.))#__#.
#..# #.. ####....#___#__'.
▓▓▓▓ ▓▓▓ ▓▓▓▓▓▓▓▓▓▓▓▓▓▓


You could see Snorg (poisoned, slow).

Vanquished Creatures
  A deep elf pyromancer (D)
  A shadow (D)
  A spatial vortex (D)
  A necrophage (D)
  A water elemental (D)
  Crazy Yiuf (D)
  A jelly (D)
  Jessica (D)
  A wizard (D)
  A necromancer (D)
  3 humans (D)
  A kobold demonologist (D)
  An endoplasm (D)
  2 rats (D)
17 creatures vanquished.

Vanquished Creatures (others)
  4 plants (D)
4 creatures vanquished.

Grand Total: 21 creatures vanquished

Notes
Turn   | Place    | Note
-------+----------+-------------------------------------------
     0 | D        | mhtbhm the Ghoul Monk began the quest for the Orb.
     0 | D        | Reached XP level 1. HP: 19/19 MP: 0/0
    63 | D        | Noticed Jessica
    71 | D        | Killed Jessica
    72 | D        | Reached skill level 5 in Unarmed Combat
    72 | D        | Reached XP level 2. HP: 14/28 MP: 1/1
    72 | D        | Reached XP level 3. HP: 18/35 MP: 2/2
   224 | D        | Noticed Crazy Yiuf
   248 | D        | Reached skill level 5 in Fighting
   363 | D        | Killed Crazy Yiuf
   364 | D        | Reached skill level 6 in Unarmed Combat
   364 | D        | Reached XP level 4. HP: 26/42 MP: 0/3
   594 | D        | Noticed a water elemental
   608 | D        | Killed a water elemental
   609 | D        | Reached skill level 5 in Dodging
   609 | D        | Reached skill level 7 in Unarmed Combat
   609 | D        | Reached XP level 5. HP: 33/51 MP: 4/4
   728 | D        | Noticed a shadow
   732 | D        | Killed a shadow
   733 | D        | Reached skill level 5 in Stealth
   733 | D        | Reached skill level 9 in Unarmed Combat
   733 | D        | Reached XP level 6. HP: 53/60 MP: 5/5
   760 | D        | Found a blossoming altar of Fedhas.
   760 | D        | Found a stormy altar of Qazlal.
   760 | D        | Found a snail-covered altar of Cheibriados.
   760 | D        | Found a burning altar of Makhleb.
   760 | D        | Found a shimmering altar of Xom.
   761 | D        | Found a hazy altar of Hepliaklqana.
   761 | D        | Found an opulent altar of Gozag.
   761 | D        | Found a sparkling altar of Nemelex Xobeh.
   761 | D        | Found a corrupted altar of Lugonu.
   761 | D        | Found a viscous altar of Jiyva.
   761 | D        | Noticed a spatial vortex
   774 | D        | Became a worshipper of Makhleb the Destroyer
   774 | D        | Reached * piety under Makhleb
   774 | D        | Reached ** piety under Makhleb
  1062 | D        | Killed a spatial vortex
  1063 | D        | Reached skill level 10 in Unarmed Combat
  1063 | D        | Reached XP level 7. HP: 58/68 MP: 6/6
  1115 | D        | Found a radiant altar of Vehumet.
  1116 | D        | Found a shimmering blue altar of Sif Muna.
  1116 | D        | Found an ancient bone altar of Kikubaaqudgha.
  1138 | D        | Found a basalt altar of Yredelemnul.
  1138 | D        | Found a shadowy altar of Dithmenos.
  1138 | D        | Found a sacrificial altar of Ru.
  1139 | D        | Reached *** piety under Makhleb
  1140 | D        | Reached skill level 11 in Unarmed Combat
  1158 | D        | Found a hide-covered altar of Uskayaw.
  1158 | D        | Found an iron altar of Okawaru.
  1158 | D        | Found a bloodstained altar of Trog.
  1158 | D        | Found an ornate altar of the Wu Jian Council.
  1158 | D        | Noticed a human
  1158 | D        | Noticed a human
  1163 | D        | Killed a human
  1164 | D        | Reached skill level 12 in Unarmed Combat
  1168 | D        | Killed a human
  1168 | D        | Reached **** piety under Makhleb
  1169 | D        | Reached XP level 8. HP: 75/75 MP: 7/7
  1184 | D        | Noticed a deep elf pyromancer
  1194 | D        | Killed a deep elf pyromancer
  1195 | D        | Reached skill level 13 in Unarmed Combat
  1366 | D        | Noticed Snorg
  1407 | D        | Slain by Snorg

Illustrated notes

Levels and vault maps discovered:
D:        dungeon_sprint_mu [sprint_mu_entry_cave, sprint_mu_temple_rooms,
          sprint_mu_d1_horrors, sprint_mu_d2_genie, sprint_mu_d3_branching,
          sprint_mu_orc_legion, sprint_mu_elf_gauntlet, sprint_mu_hive_nellie,
          sprint_mu_lair_fedhas, sprint_mu_vaults_butterflies,
          sprint_mu_slime_circle, sprint_mu_swamp_cave, sprint_mu_shoals_kraken,
          sprint_mu_blade_basic, sprint_mu_crypt_lich, sprint_mu_tomb_spiral,
          sprint_mu_vestibule_basic, sprint_mu_gehenna_hellfire,
          sprint_mu_dis_giant, sprint_mu_tartarus_statrot,
          sprint_mu_cocytus_islands, sprint_mu_zot1]

Skill      XL: |  1  2  3  4  5  6  7  8 |
---------------+-------------------------+-----
Dodging        | 4 5 6 7 8 |  8.1
Fighting       | 4 5 6 7 8 |  8.9
Unarmed Combat | 5 6 7 9 10 12 13 | 13.6
Stealth        | 3 4 5 6 8 9 |  9.3

Action                   |  1- 3 |  4- 6 |  7- 9 || total
-------------------------+-------+-------+-------++-------
Melee: Unarmed           |    31 |    28 |    27 ||    86
       Punch             |       |     3 |       ||     3
Evoke: Condenser vane    |       |       |     2 ||     2
  Use: Potion            |     1 |     2 |     4 ||     7
 Stab: Sleeping          |     2 |     2 |     1 ||     5
       Confused          |       |       |     3 ||     3
Armor: Robe              |     5 |       |     2 ||     7
Dodge: Dodged            |     8 |     7 |    17 ||    32

Table legend: (Time is in decaauts)
 A = Elapsed time spent in this place.
 B = Non-inter-level travel time spent in this place.
 C = Inter-level travel time spent in this place.
 D = Time resting spent in this place.
 E = Time spent auto-exploring this place.
 F = Levels seen in this place.
 G = Mean time per level.
                   A        B        C        D        E       F      G
               +--------+--------+--------+--------+--------+-----+--------+
         Total |   1363 |   1363 |      0 |    992 |     39 |   1 | 1363.0 |
       Dungeon |   1363 |   1363 |      0 |    992 |     39 |   1 | 1363.0 |
               +--------+--------+--------+--------+--------+-----+--------+

Top non-repeatable levels by time:
       D: 1363 daAuts
